AoeStats
← sebojo

Fortress

510410901Analyzed
1v1 RM · 17h ago on Sep 30, 2026· 101m 51s· 2 players
Game mode
Random Map
Map size
Small (3 player)
Population
200
Speed
Normal
Resources
Standard
Victory
Conquest
Starting age
Dark Age
Ending age
Imperial Age
RankedLock teamsTeams togetherTeam positionsShared explorationLock speedFull tech treeHidden civsTurbo modeCheats
Victory
Defeat
🇬🇧 Lithuanians · United Kingdom
264
+22
🇦🇷 Khmer · Argentina
413
-22
sebojo
9:37 Feudal Age
8:24 Loom
10:22 Horse Collar
10:30 Double-Bit Axe
10:44 Gold Mining
10:44 Town Watch
12:45 Wheelbarrow
16:22 Castle Age
14:37 Scale Barding Armor
14:46 Forging
14:55 Arson
15:49 Bloodlines
17:14 Town Patrol
19:38 Hill Forts
21:36 Heavy Plow
21:50 Bow Saw
21:06 Pikeman
21:47 Squires
22:19 Husbandry
24:16 Hand Cart
30:01 Chain Barding Armor
30:18 Iron Casting
29:45 Padded Archer Armor
33:12 Elite Skirmisher
33:58 Thumb Ring
34:35 Stone Mining
35:40 Ballistics
35:10 Heated Shot
35:34 Masonry
35:17 Guard Tower
43:38 Imperial Age
45:20 Chemistry
44:52 Architecture
44:48 Tower Shields
46:14 Plate Barding Armor
45:30 Fletching
45:55 Leather Archer Armor
50:53 Elite Leitis
53:51 Cavalier
56:04 Bombard Tower
81:49 Scale Mail Armor
85:47 Halberdier
BetterPlay87
7:07 Feudal Age
8:23 Wheelbarrow
7:35 Double-Bit Axe
7:35 Horse Collar
7:46 Horse Collar
11:11 Gold Mining
12:40 Stone Mining
14:52 Castle Age
18:25 Hand Cart
22:43 Gold Shaft Mining
23:39 Bow Saw
39:09 Stone Shaft Mining
42:44 Imperial Age
43:06 Ballistics
42:50 Tusk Swords
42:52 Murder Holes
43:14 Guard Tower
44:28 Chemistry
43:44 Siege Engineers
43:13 Heavy Scorpion
44:27 Elite Battle Elephant
45:24 Scale Barding Armor
Connection lost

Rejoining the realm…

Still unreachable

The connection could not be restored.

Session expired

The server has moved on; the page needs a fresh start.